 Dungeon Crawl Stone Soup version 0.29-a0-994-gc5c9f59d18 (webtiles) character file.

Game seed: 12350125727620252613

116 xian the Trooper (level 4, -13/35 HPs)
             Began as a Demonspawn Fighter on Aug 3, 2022.
             Killed from afar by a white imp (16 damage)
             ... with a puff of frost
             ... on level 5 of the Dungeon.
             The game lasted 00:06:18 (2476 turns).

xian the Trooper (Demonspawn Fighter)               Turns: 2476, Time: 00:06:19

Health: -13/35     AC:  6    Str: 19    XL:     4   Next: 70%
Magic:  4/4        EV: 10    Int:  9    God:
Gold:   141        SH:  9    Dex: 12    Spells: 3/3 levels left

rFire   + . .      SeeInvis .   a - +0 war axe
rCold   x . .      Faith    .   c - +0 buckler
rNeg    . . .      Spirit   .   b - +0 scale mail
rPois   .          Reflect  +   (no helmet)
rElec   .          Harm     .   (no cloak)
rCorr   .          Rampage  .   (no gloves)
Will    .....                   (no boots)
Stlth   +.........              p - amulet of reflection
HPRegen 0.11/turn               i - ring of fire
MPRegen 0.09/turn               (no ring)

@: no status effects
A: sturdy frame 2
a: no special abilities


You were on level 5 of the Dungeon.
You visited 1 branch of the dungeon, and saw 4 of its levels.

You collected 179 gold pieces.
You spent 38 gold pieces at shops.

Inventory:

Hand Weapons
 a - a +0 war axe (weapon)
Missiles
 j - 7 poisoned darts (quivered)
Armour
 b - a +0 scale mail (worn)
 c - a +0 buckler (worn)
Jewellery
 i - a ring of fire (left hand)
 p - an amulet of reflection (around neck)
 q - a ring of see invisible
Wands
 l - a wand of flame (5)
Scrolls
 f - a scroll of fear
 h - 2 scrolls of teleportation
 n - a scroll of blinking
Potions
 d - a potion of might
 e - a potion of ambrosia
 g - a potion of lignification {unknown}
 k - a potion of mutation {unknown}
 m - 2 potions of curing
 o - a potion of magic {unknown}


   Skills:
 + Level 3.3 Fighting
 + Level 3.1 Axes
 + Level 3.3 Armour
 + Level 0.6 Dodging
 + Level 0.3 Stealth
 + Level 3.3 Shields


You had 3 spell levels left.
You didn't know any spells.
Your spell library contained the following spells:

 Spells                   Type           Power      Damage    Failure   Level
 Sandblast                Erth           0%         2d4       61%         1
 Passwall                 Tmut/Erth      0%         N/A       75%         2
 Static Discharge         Conj/Air       0%         3-3/arc   75%         2
 Stone Arrow              Conj/Erth      0%         3d7       93%         3
 Dispel Undead            Necr           0%         3d6       100%        4
 Sticky Flame             Conj/Fire      0%         2d3       100%        4


Dungeon Overview and Level Annotations

Branches:
Dungeon (3/15)

Altars:

Shops:
D:2 [[=!*


Innate Abilities, Weirdness & Mutations

Your movements are less encumbered by armour. (ER -4)


Message History

You hit the white imp but do no damage.
The white imp grinds its teeth.
The white imp hits you. The white imp freezes you.
You feel a terrible chill! The white imp gestures at you.
The puff of frost hits you.
You feel a terrible chill! The white imp gestures at you.
The puff of frost reflects off an invisible shield around you!
The puff of frost hits the white imp.
The white imp resists.
The white imp hits you but does no damage.
You hit the white imp.
The white imp is almost dead.
You closely miss the white imp. The white imp barely misses you.
The white imp closely misses you.
You barely miss the white imp.
The white imp is almost dead.
You hit the white imp but do no damage. You block the white imp's attack.
The white imp barely misses you.
You hit the white imp but do no damage.
The white imp is almost dead.
You barely miss the white imp. The white imp barely misses you.
The white imp puffs mist at you. The white imp gestures at you.
The puff of frost hits you!
You feel a terrible chill!
The white imp shouts, "Slither hence, thou pottle-deep fen-sucked wormtrail!"
The white imp barely misses you.
The white imp hits you but does no damage.
You hit the white imp.
The white imp is almost dead.
You barely miss the white imp. The white imp closely misses you.
The white imp gestures at you. The puff of frost hits you!
You feel a terrible chill!
* * * LOW HITPOINT WARNING * * *
You barely miss the white imp.
The white imp is almost dead.
You hit the white imp but do no damage. The white imp puffs mist at you.
The white imp hits you but does no damage.
The white imp gestures at you. The puff of frost hits you!
You feel a terrible chill!
You die...

# #+### ##+##
.##.##...##....#
......(.........
..(.............
................ .
###..###'####..# ..#
###+##..########...#
..........#.5......#
..........'.@5.....#
..........#........#
..........#$.......#
..........#........#
####################


You could see 2 white imps.

Vanquished Creatures
  A hound (D:5)
  3 adders (D:2)
  A worm (D:2)
  A dart slug (D:1)
  3 endoplasms
  6 giant cockroaches
  3 goblins
  5 hobgoblins
  6 kobolds
  3 quokkas (D:1)
  4 ball pythons
  8 bats
  3 frilled lizards
  7 rats
54 creatures vanquished.

Notes
Turn   | Place    | Note
-------+----------+-------------------------------------------
     0 | D:1      | xian the Demonspawn Fighter began the quest for the Orb.
     0 | D:1      | Reached XP level 1. HP: 18/18 MP: 1/1
     5 | D:1      | Found a faded altar of an unknown god.
   247 | D:1      | Gained mutation: Your movements are slightly less
                  | encumbered by armour. (ER -2) [demonic ancestry]
   247 | D:1      | Reached XP level 2. HP: 24/24 MP: 2/2
   893 | D:1      | Gained mutation: Your movements are less encumbered by
                  | armour. (ER -4) [demonic ancestry]
   893 | D:1      | Reached XP level 3. HP: 25/29 MP: 3/3
   948 | D:2      | Found Ytauwe's Antique Armour Shop.
  1014 | D:2      | Found Moxaif's Armour Shop.
  1057 | D:2      | Found Wealeso's Jewellery Emporium.
  1181 | D:2      | Found Liptia's Distillery.
  1240 | D:2      | Reached XP level 4. HP: 14/35 MP: 4/4
  1834 | D:2      | Found Both's General Store.
  1843 | D:2      | Bought a wand of flame (5) for 38 gold pieces
  2442 | D:3      | Identified the +4 war axe of the Depths {flame, rC- Will+
                  | Int+4}
  2454 | D:3      | You fall into a shaft and drop 2 floors!
  2454 | D:5      | Entered Level 5 of the Dungeon
  2476 | D:5      | Killed from afar by a white imp

Illustrated notes

Levels and vault maps discovered:
D:1:      minmay_arrival_diagonal_passages, layout_basic,
          hellmonk_ecumenical_altar_run_dry
D:2:      layout_rooms, serial_shops, shop, shop, nicolae_shop_stone,
          shop_fountains, shop, chequers_serial_rivers_room_a
D:3:      minmay_chambers_of_twos, layout_basic, ebering_dispersal_statue_hall,
          minmay_statues_item, minmay_misc_feat_four_crosses
D:5:      layout_gridville, mainiacjoe_overflow_catwalk,
          mainiacjoe_overflow_swirl, minmay_temple_entry_statues_fountains,
          uniq_sigmund

Skill      XL: |  1  2  3  4 |
---------------+-------------+-----
Armour         | 3 |  3.3
Shields        | 3 |  3.3
Axes           | 2 3 |  3.1
Fighting       | |  3.3
Dodging        | |  0.6
Stealth        | |  0.3

Action                   |  1- 3 |  4- 6 || total
-------------------------+-------+-------++-------
Melee: War axe           |   137 |    57 ||   194
Throw: Dart              |     3 |       ||     3
  Use: Scroll            |     4 |     4 ||     8
Armor: Scale mail        |    89 |    43 ||   132
Dodge: Dodged            |   104 |    32 ||   136
Block: Buckler           |    49 |    20 ||    69
       Reflection        |       |     1 ||     1

Table legend: (Time is in decaauts)
 A = Elapsed time spent in this place.
 B = Non-inter-level travel time spent in this place.
 C = Inter-level travel time spent in this place.
 D = Time resting spent in this place.
 E = Time spent auto-exploring this place.
 F = Levels seen in this place.
 G = Mean time per level.
                   A        B        C        D        E       F      G
               +--------+--------+--------+--------+--------+-----+--------+
         Total |   2556 |   2543 |     13 |      0 |   1801 |   4 |  639.0 |
       Dungeon |   2556 |   2543 |     13 |      0 |   1801 |   4 |  639.0 |
               +--------+--------+--------+--------+--------+-----+--------+

Top non-repeatable levels by time:
     D:2: 1224 daAuts
     D:1: 978 daAuts
     D:3: 328 daAuts
     D:5: 25 daAuts
